 Dungeon Crawl Stone Soup version 0.20.1-1-g8b1a95d (webtiles) character file.

6285 vineage the Slasher (level 10, -11/76 HPs)
             Began as a Demonspawn Gladiator on Sept 22, 2017.
             Was a High Priest of Okawaru.
             Killed from afar by a deep elf mage (25 damage)
             ... with a bolt of magma
             ... on level 9 of the Dungeon.
             The game lasted 00:17:20 (7824 turns).

vineage the Slasher (Demonspawn Gladiator)          Turns: 7824, Time: 00:17:22

Health: -11/76     AC: 15    Str: 27    XL:     10   Next: 63%
Magic:  10/10      EV: 11    Int: 11    God:    Okawaru [*****.]
Gold:   500        SH: 11    Dex: 16    Spells: 9/9 levels left

rFire    . . .     SeeInvis .   C - +5 rapier of Trog's Approval {venom, Stlth+}
rCold    . . .     Gourm    .   u - +0 shield
rNeg     . . .     Faith    .   p - +0 scale mail
rPois    .         Spirit   .   (helmet restricted)
rElec    .         Reflect  .   r - +2 cloak {MR+}
rCorr    .         Harm     .   L - +2 pair of gloves {Str+3}
MR       +....                  w - +0 pair of boots
Stlth    ++........             (no amulet)
Regen    0.3/turn               e - +2 ring of intelligence
MPRegen  0.2/turn               K - +2 ring of strength

@: mighty, flying, hasted, very quick
A: claws 2, horns 2, demonic guardian 1, spiny 1
a: Heroism, Finesse, Renounce Religion


You were on level 9 of the Dungeon.
You worshipped Okawaru.
Okawaru was extremely pleased with you.
You were very hungry.

You visited 2 branches of the dungeon, and saw 10 of its levels.

You collected 500 gold pieces.

Inventory:

Hand Weapons
 a - a +0 long sword
 C - the +5 rapier of Trog's Approval (weapon) {venom, Stlth+}
   (You found it on level 5 of the Dungeon)

   It poisons the flesh of those it strikes.
   It makes you more stealthy.
Missiles
 d - 4 throwing nets (quivered)
Armour
 b - a +0 leather armour
 c - a +0 helmet
 j - a +1 chain mail
 p - a +0 scale mail (worn)
 q - a +0 ring mail
 r - a +2 cloak of magic resistance (worn)
 s - a +0 pair of gloves
 u - a +0 shield (worn)
 w - a +0 pair of boots (worn)
 L - a +2 pair of gloves of strength (worn)
Jewellery
 e - a +2 ring of intelligence (left hand)
 n - an uncursed ring of fire
 B - an uncursed amulet of the gourmand {unknown}
 K - a +2 ring of strength (right hand)
Wands
 y - a wand of random effects (18/48)
 E - a wand of polymorph (16/24)
 I - a wand of iceblast (7/15)
 J - a wand of polymorph (14/24)
 M - a wand of random effects (16/48)
Scrolls
 v - 4 scrolls of magic mapping
 z - 4 scrolls of identify
 A - 2 scrolls of fear
 D - 3 scrolls of remove curse
 G - a scroll of enchant armour
Potions
 h - a potion of brilliance
 k - 2 potions of mutation
 o - 2 potions of lignification
 t - a potion of invisibility
 x - a potion of cancellation
Books
 Q - a book of Misfortune

   Spells                             Type                      Level
   a - Confusing Touch                Hexes                        1
   b - Confuse                        Hexes                        3
   c - Gell's Gravitas                Translocation                3
   d - Petrify                        Transmutation/Earth          4
   e - Metabolic Englaciation         Hexes/Ice                    5
   f - Yara's Violent Unravelling     Hexes/Transmutation          5
Comestibles
 f - 10 bread rations
 m - 5 royal jellies
 F - 2 meat rations
 H - 5 fruits


   Skills:
 + Level 5.9 Fighting
 + Level 7.0(8.6) Short Blades
 * Level 7.6(8.9) Long Blades
 + Level 1.9 Throwing
 + Level 6.5 Armour
 + Level 4.8 Dodging
 - Level 1.8 Stealth
 + Level 5.1 Shields


You had 9 spell levels left.
You didn't know any spells.

Dungeon Overview and Level Annotations

Branches:
Dungeon (9/15)             Temple (1/1) D:6            Lair (0/6) D:9
    Orc: D:9-12

Altars:
Ashenzari
Cheibriados
Dithmenos
Elyvilon
Fedhas
Gozag
Hepliaklqana
Kikubaaqudgha
Makhleb
Nemelex Xobeh
Okawaru
Qazlal
Ru
Sif Muna
Trog
Uskayaw
Vehumet
Xom
Yredelemnul
Zin
The Shining One

Shops:
D:5 %


Innate Abilities, Weirdness & Mutations

You have very sharp fingernails.
You have a pair of horns on your head.
A weak demonic guardian rushes to your aid.
You are partially covered in sharp spines.


Message History

A deep elf mage comes into view. It is wielding a long sword.
The deep elf mage shouts!
The deep elf mage points at you and mumbles some strange words.
You block the stone arrow.
Found 16 gold pieces.
You feel very buoyant.
You fly up into the air.
The deep elf mage mumbles some strange words.
The deep elf mage blinks!
You feel better.
You puncture the deep elf mage!
The deep elf mage is poisoned.
You headbutt the deep elf mage!
The deep elf mage is heavily wounded.
You puncture the deep elf mage!
The deep elf mage looks as sick as possible!
Your headbutt misses the deep elf mage.
The deep elf mage is almost dead.
The deep elf mage gestures at you while chanting.
The bolt of magma hits you!
You die...

#... ...#
#...# ...#
#...# ...#
#...##...#
##+##........#
.............+
.........e...#
........@....#
.............#
##+##...##..$#
#...# ...#
#ยง..# ...#
#...# ...#
#...# ..#
#...# ###
#####


You could see a deep elf mage.

Vanquished Creatures
  3 death yaks (D:9)
  An ugly thing (D:8)
  2 hornets
  2 hippogriffs (D:8)
  A spriggan (D:7)
  A wyvern (D:8)
  2 steam dragons
  A sky beast (D:6)
  An ice beast (D:5)
  A necrophage (D:8)
  2 ogres
  A centaur (D:8)
  7 bullfrogs
  A wyvern zombie (D:8)
  A water moccasin zombie (D:6)
  2 scorpions
  2 killer bees (D:8)
  6 crimson imps
  A jelly (D:8)
  An orc priest (D:3)
  Crazy Yiuf (D:2)
  2 gnoll shamans
  4 hounds
  2 bullfrog skeletons
  A centaur skeleton (D:7)
  An orc wizard (D:7)
  Natasha (twice) (D:2)
  6 iguanas
  11 worker ants
  A worker ant zombie (D:6)
  6 gnolls
  5 adders
  A shadow imp (D:6)
  2 oozes
  An adder zombie (D:8)
  An adder skeleton (D:8)
  A worm (D:4)
  3 dart slugs
  5 leopard geckos
  11 orcs
  7 bats
  9 giant cockroaches
  10 goblins
  10 hobgoblins
  3 jackals (D:4)
  7 kobolds
  5 quokkas
  A ball python (D:2)
  5 frilled lizards
  A quokka skeleton (D:4)
  6 rats
  3 fungi
173 creatures vanquished.

Vanquished Creatures (collateral kills)
  A sky beast (D:5)
  2 ogres (D:7)
  A scorpion (D:3)
  A water moccasin skeleton (D:7)
  2 killer bees (D:8)
  2 crimson imps (D:5)
  3 gnolls
12 creatures vanquished.

Vanquished Creatures (others)
  A fungus (D:5)
1 creature vanquished.

Grand Total: 186 creatures vanquished

Notes
Turn   | Place    | Note
-------+----------+-------------------------------------------
     0 | D:1      | vineage the Demonspawn Gladiator began the quest for the Orb.
     0 | D:1      | Reached XP level 1. HP: 16/16 MP: 1/1
   353 | D:1      | Gained mutation: You have a pair of small horns on your head. [demonic ancestry]
   353 | D:1      | Reached XP level 2. HP: 20/22 MP: 2/2
  1121 | D:2      | Noticed Natasha
  1128 | D:2      | Killed Natasha
  1128 | D:2      | Gained mutation: A weak demonic guardian rushes to your aid. [demonic ancestry]
  1128 | D:2      | Reached XP level 3. HP: 28/28 MP: 3/3
  1254 | D:2      | Gained mutation: You have sharp fingernails. [demonic ancestry]
  1254 | D:2      | Reached XP level 4. HP: 20/34 MP: 4/4
  1393 | D:2      | Found a hide-covered altar of Uskayaw.
  1468 | D:2      | Noticed Natasha
  1476 | D:2      | Killed Natasha
  1476 | D:2      | Reached skill level 1 in Armour
  2094 | D:2      | Found a runed door.
  2098 | D:2      | Noticed Crazy Yiuf
  2103 | D:2      | Killed Crazy Yiuf
  2103 | D:2      | Reached XP level 5. HP: 40/40 MP: 5/5
  2143 | D:3      | Found a shadowy altar of Dithmenos.
  2756 | D:4      | Reached XP level 6. HP: 45/47 MP: 6/6
  2806 | D:4      | Reached skill level 5 in Long Blades
  3316 | D:4      | Found a stormy altar of Qazlal.
  3503 | D:4      | Reached skill level 1 in Shields
  4067 | D:4      | Gained mutation: You are partially covered in sharp spines. [demonic ancestry]
  4067 | D:4      | Reached XP level 7. HP: 50/52 MP: 7/7
  4164 | D:5      | Entered Level 5 of the Dungeon
  4463 | D:5      | Got a crude rapier
  4464 | D:5      | Identified the +5 rapier of Trog's Approval {venom, Stlth+} (You found it on level 5 of the Dungeon)
  4572 | D:5      | Reached skill level 1 in Stealth
  4710 | D:5      | Found a radiant altar of Vehumet.
  4728 | D:5      | Found Jizxaps's Food Emporium.
  5002 | D:5      | Noticed a steam dragon
  5004 | D:5      | Noticed a steam dragon
  5041 | D:5      | Killed a steam dragon
  5041 | D:5      | Gained mutation: You have very sharp fingernails. [demonic ancestry]
  5041 | D:5      | Reached XP level 8. HP: 54/60 MP: 8/8
  5279 | D:6      | Found a staircase to the Ecumenical Temple.
  5292 | D:6      | Reached skill level 1 in Short Blades
  5306 | Temple   | Entered the Ecumenical Temple
  5400 | Temple   | Became a worshipper of Warmaster Okawaru
  5934 | D:6      | Reached * piety under Okawaru
  5980 | D:7      | Found a shattered altar of Ashenzari.
  6127 | D:7      | Reached skill level 5 in Fighting
  6127 | D:7      | Gained mutation: You have a pair of horns on your head. [demonic ancestry]
  6127 | D:7      | Reached XP level 9. HP: 59/68 MP: 9/9
  6280 | D:7      | Found a blossoming altar of Fedhas.
  6285 | D:7      | Reached ** piety under Okawaru
  6649 | D:7      | Reached skill level 5 in Armour
  6891 | D:8      | Reached skill level 5 in Short Blades
  6912 | D:8      | Reached *** piety under Okawaru
  7058 | D:8      | Noticed a cyan ugly thing
  7079 | D:8      | Killed a cyan ugly thing
  7082 | D:8      | Reached XP level 10. HP: 30/73 MP: 10/10
  7719 | D:8      | Found a deep blue altar of Sif Muna.
  7768 | D:9      | Found a staircase to the Lair.
  7768 | D:9      | Noticed a death yak
  7768 | D:9      | Noticed a death yak
  7769 | D:9      | Noticed a death yak
  7770 | D:9      | Noticed a death yak
  7770 | D:9      | Noticed a death yak
  7770 | D:9      | Noticed a death yak
  7774 | D:9      | Noticed a death yak
  7788 | D:9      | Killed a death yak
  7788 | D:9      | Reached **** piety under Okawaru
  7796 | D:9      | Killed a death yak
  7796 | D:9      | Reached skill level 5 in Shields
  7804 | D:9      | Killed a death yak
  7804 | D:9      | Reached ***** piety under Okawaru
  7804 | D:9      | HP: 3/76 [death yak (14)]
  7819 | D:9      | Noticed a deep elf mage
  7824 | D:9      | Killed from afar by a deep elf mage

Skill      XL: |  1  2  3  4  5  6  7  8  9 10 |
---------------+-------------------------------+-----
Dodging        | 3 4 |  4.8
Long Blades    | 3 4 5 6 7 |  7.6
Armour         | 1 2 3 4 5 6 |  6.5
Fighting       | 3 4 5 |  5.9
Shields        | 1 2 3 4 5 |  5.1
Stealth        | 1 |  1.8
Short Blades   | 3 5 7 |  7.0
Throwing       | |  1.9

Action                   |  1- 3 |  4- 6 |  7- 9 | 10-12 || total
-------------------------+-------+-------+-------+-------++-------
Melee: Long sword        |    69 |   213 |    33 |       ||   315
       Headbutt          |     8 |    52 |    50 |    11 ||   121
       Rapier            |       |       |   177 |    43 ||   220
Invok: Heroism           |       |       |       |     1 ||     1
  Use: Scroll            |       |    13 |     7 |     1 ||    21
       Potion            |       |     2 |     6 |     7 ||    15
 Stab: Distracted        |       |     1 |     2 |       ||     3
       Sleeping          |       |       |     3 |       ||     3
  Eat: Chunk             |     1 |     8 |     9 |       ||    18
       Fruit             |       |       |     2 |     2 ||     4
Armor: Leather armour    |     3 |       |       |       ||     3
       Chain mail        |    26 |     3 |       |       ||    29
       Ring mail         |       |    82 |    20 |       ||   102
       Scale mail        |       |       |    49 |    16 ||    65
Dodge: Dodged            |    36 |    97 |    56 |    13 ||   202
Block: Shield            |       |    33 |    98 |    25 ||   156
       Rpst.: Long sword |    13 |    33 |     1 |       ||    47
